 Dungeon Crawl Stone Soup version 0.29.1-4-g47bece8355 (webtiles) character file.

Game seed: 3780968938001254971

54 concernfroge the Trooper (level 3, -1/31 HPs)
             Began as a Mummy Monk on Dec 9, 2022.
             Slain by a phantom (5 damage)
             ... on level 3 of the Dungeon.
             The game lasted 00:03:56 (1243 turns).

concernfroge the Trooper (Mummy Monk)               Turns: 1243, Time: 00:03:57

Health: -1/31      AC:  5    Str: 22    XL:     3   Next: 66%
Magic:  3/3        EV: 11    Int:  9    God:
Gold:   133        SH:  0    Dex: 14    Spells: 2/2 levels left

rFire   x . .      SeeInvis .   b - +0 trident
rCold   + . .      Faith    .   (no shield)
rNeg    + + +      Spirit   .   e - +0 ring mail
rPois   ∞          Reflect  .   (no helmet)
rElec   .          Harm     .   (no cloak)
rCorr   .          Rampage  .   (no gloves)
Will    .....                   (no boots)
Stlth   +.........              (no amulet)
HPRegen 0.10/turn               d - +6 ring of strength
MPRegen 0.08/turn               (no ring)

@: no status effects
A: cold resistance 1, negative energy resistance 3, torment resistance 2, heat
vulnerability 1, in touch with death 1, no potions
a: no special abilities


You were on level 3 of the Dungeon.
You visited 1 branch of the dungeon, and saw 3 of its levels.

You collected 133 gold pieces.

Inventory:

Hand Weapons
 b - a +0 trident (weapon)
Armour
 e - a +0 ring mail (worn)
Magical Staves
 a - a staff of fire
Jewellery
 d - a +6 ring of strength (left hand)
Wands
 c - a wand of mindburst (6)


   Skills:
 + Level 4.5 Fighting
 - Level 2.4 Polearms
 + Level 0.1 Armour
 + Level 2.4 Dodging
 - Level 1.5 Stealth
 + Level 0.1 Evocations


You had 2 spell levels left.
You didn't know any spells.
Your spell library was empty.

Dungeon Overview and Level Annotations

Branches:
Dungeon (3/15)

Altars:


Innate Abilities, Weirdness & Mutations

You are immune to poison.
Your flesh is cold resistant. (rC+)
You are immune to negative energy. (rN+++)
You are immune to unholy pain and torment.
You are vulnerable to heat. (rF-)
You are in touch with the powers of death.
You do not drink.


Message History

Unknown command.
Aiming: Mindburst
Press: ? - help, Shift-Dir - straight line, f - phantom
Aim: a phantom (chance to affect: 47%)
The phantom resists with some effort.
The phantom hits you but does no damage.
Aiming: Mindburst
Press: ? - help, Shift-Dir - straight line, f/p - phantom
Aim: a phantom (chance to affect: 47%)
The phantom resists with some effort.
The phantom hits you.
* * * LOW HITPOINT WARNING * * *
Aiming: Mindburst
Press: ? - help, Shift-Dir - straight line, f/p - phantom
Aim: a phantom (chance to affect: 47%)
Okay, then.
You aren't carrying any scrolls.
Aiming: Mindburst
Press: ? - help, Shift-Dir - straight line, f/p - phantom
Aim: a phantom (chance to affect: 47%)
The phantom resists with some effort.
The phantom hits you.
* * * LOW HITPOINT WARNING * * *
Aiming: Mindburst
Press: ? - help, Shift-Dir - straight line, f/p - phantom
Aim: a phantom (chance to affect: 47%)
The phantom's mind is blasted!
The phantom hits you.
* * * LOW HITPOINT WARNING * * *
Aiming: Mindburst
Press: ? - help, Shift-Dir - straight line, f/p - phantom
Aim: a phantom (moderately damaged, chance to affect: 47%)
The phantom resists with some effort.
The phantom barely misses you.
Aiming: Mindburst
Press: ? - help, Shift-Dir - straight line, f/p - phantom
Aim: a phantom (moderately damaged, chance to affect: 47%)
The phantom resists with some effort.
The phantom hits you but does no damage.
Aiming: Mindburst
Press: ? - help, Shift-Dir - straight line, f/p - phantom
Aim: a phantom (moderately damaged, chance to affect: 47%)
The phantom's mind is blasted!
The phantom hits you.
You die...

#..# ####
##.. ... ..#
###. .. ##...
(###...#
.#####......#
........W...#
......$@....#
#############


You could see a phantom.

Vanquished Creatures
  2 adders (D:2)
  A worm (D:1)
  2 ball pythons
  A bat (D:1)
  4 endoplasms
  5 giant cockroaches
  2 goblins (D:1)
  A hobgoblin (D:1)
  2 quokkas (D:1)
  3 frilled lizards (D:1)
  2 kobolds (D:1)
  5 rats
30 creatures vanquished.

Notes
Turn   | Place    | Note
-------+----------+-------------------------------------------
     0 | D:1      | concernfroge the Mummy Monk began the quest for the Orb.
     0 | D:1      | Reached XP level 1. HP: 18/18 MP: 1/1
   302 | D:1      | Reached XP level 2. HP: 12/24 MP: 2/2
   572 | D:1      | Reached skill level 4 in Fighting
   920 | D:1      | Gained mutation: You are in touch with the powers of death.
                  | [Mummy growth]
   920 | D:1      | Reached XP level 3. HP: 29/30 MP: 3/3
  1218 | D:3      | Noticed a phantom
  1243 | D:3      | Slain by a phantom

Illustrated notes

Levels and vault maps discovered:
D:1:      dpeg_arrival_prison, layout_rooms
D:2:      layout_rooms, basic_altar, serial_bayou_pond_d
D:3:      layout_rooms, lemuel_round_altar,
          shapermc_ecumenical_altar_mp_vishouse, amethyst_killhole

Skill      XL: |  1  2 |
---------------+-------+-----
Fighting       | 4 |  4.5
Polearms       | |  2.4
Armour         | |  0.1
Dodging        | |  2.4
Stealth        | |  1.5
Evocations     | |  0.1

Action                   || total
-------------------------++-------
Melee: Spear             ||    69
       Trident           ||    39
Evoke: Wand              ||     7
 Stab: Sleeping          ||     6
Armor: Leather armour    ||    12
       Ring mail         ||     8
Dodge: Dodged            ||    55
